 Dungeon Crawl Stone Soup version 0.23-b1-49-g13d5857 (webtiles) character file.

Game seed: 964664778240789803

216 Kairos the Chopper (level 5, -3/28 HPs)
             Began as a Vine Stalker Fighter on Feb 3, 2019.
             Slain by an orc
             ... wielding a +2 trident of piercing
              (7 damage)
             ... on level 3 of the Dungeon.
             The game lasted 00:02:14 (1755 turns).

Kairos the Chopper (Vine Stalker Fighter)           Turns: 1755, Time: 00:02:14

Health: -3/28      AC:  8    Str: 20    XL:     5   Next: 93%
Magic:  0/6        EV:  7    Int:  8    God:
Gold:   135        SH:  9    Dex: 13    Spells: 4/4 levels left

rFire    . . .     SeeInvis .   a - +1 war axe
rCold    . . .     Gourm    .   c - +0 shield
rNeg     . . .     Faith    .   b - +0 scale mail
rPois    .         Spirit   +   (no helmet)
rElec    .         Reflect  .   g - +0 cloak
rCorr    .         Harm     .   (no gloves)
MR       .....                  (no boots)
Stlth    ..........             (no amulet)
HPRegen  0.49/turn              (no ring)
MPRegen  0.10/turn              (no ring)

@: no status effects
A: fangs 2, regeneration 1, magic shield, antimagic bite, no potion heal 3, rot
immunity
a: no special abilities


You were on level 3 of the Dungeon.
You were very hungry.

You visited 1 branch of the dungeon, and saw 3 of its levels.

You collected 135 gold pieces.

Inventory:

Hand Weapons
 a - a +1 war axe (weapon)
Armour
 b - a +0 scale mail (worn)
 c - a +0 shield (worn)
 g - a +0 cloak (worn)
Scrolls
 h - 2 scrolls of teleportation
 j - a scroll of identify
 k - a scroll of magic mapping {unknown}
 m - a scroll of remove curse
Potions
 d - a potion of might
 e - 3 potions of haste
 i - a potion of heal wounds {unknown}
 l - a potion of curing {unknown}
Comestibles
 f - 3 rations


   Skills:
 + Level 3.1 Fighting
 + Level 3.6 Axes
 + Level 3.2 Armour
 + Level 0.8 Dodging
 + Level 0.5 Stealth
 + Level 3.5 Shields


You had 4 spell levels left.
You didn't know any spells.
Your spell library was empty.

Dungeon Overview and Level Annotations

Branches:
Dungeon (3/15)

Altars:


Innate Abilities, Weirdness & Mutations

You have extremely sharp teeth.
Your natural rate of healing is unusually fast.
When hurt, damage is shared between your health and your magic reserves.
Your bite disrupts and absorbs the magic of your enemies.
Potions cannot restore your health.
You are immune to rotting.


Message History

Your bite misses something. You slash something!
Something hits you but does no damage. You block the orc's attack.
Something hits you but does no damage.
You hit something but do no damage. Your bite misses something.
You completely miss something. You block something's attack.
The orc hits you from afar with a +2 trident of piercing.
* * * LOW HITPOINT WARNING * * *
Something hits you but does no damage. x2; The orc hits you but does no damage.
You miss something. You barely miss something.
Something hits you but does no damage. x2; The orc hits you but does no damage.
Something hits you.
* * * LOW HITPOINT WARNING * * *
You miss something. You barely miss something. You block something's attack.
The orc hits you from afar with a +2 trident of piercing.
* * * LOW HITPOINT WARNING * * *
x2 You block something's attack.
Something hits you but does no damage.
You hit something but do no damage. Your bite misses something.
You closely miss something. Something hits you but does no damage.
The orc hits you from afar with a +2 trident of piercing!
You die...

#...#####.............
#............#####....
#.............# #....
#........<....####....
#................#....
#.............##......
####.##.#..#..###.....
#.#..#..#..#####...
#######{@.##..#....).....
.......{####......รท).)#.#
......o## ##..#.#.##[)#.#
......o ..........()...
....... .....#....)....
......# ..........)....
...... ....#.<....[.#
.....# ....#.........
..... .. #....(....


You could see 2 orcs.

Vanquished Creatures
  An orc priest (D:3)
  An orc wizard (D:3)
  A worker ant (D:2)
  A gnoll (D:2)
  5 adders
  A worm (D:3)
  4 dart slugs
  2 leopard geckos
  8 orcs (D:3)
  2 bats
  2 giant cockroaches
  7 goblins
  7 hobgoblins
  4 jackals (D:1)
  6 frilled lizards
  7 kobolds
  10 rats
69 creatures vanquished.

Notes
Turn   | Place    | Note
-------+----------+-------------------------------------------
     0 | D:1      | Kairos the Vine Stalker Fighter began the quest for the
                  | Orb.
     0 | D:1      | Reached XP level 1. HP: 11/11 MP: 2/2
    52 | D:1      | Reached XP level 2. HP: 9/16 MP: 1/3
   335 | D:1      | Reached XP level 3. HP: 18/19 MP: 4/4
   805 | D:2      | Gained mutation: Your natural rate of healing is unusually
                  | fast. [Vine Stalker growth]
   805 | D:2      | Reached XP level 4. HP: 17/23 MP: 5/5
   991 | D:2      | Reached XP level 5. HP: 28/28 MP: 6/6
  1755 | D:3      | Slain by an orc

Skill      XL: |  1  2  3  4 |
---------------+-------------+-----
Axes           | 2 3 |  3.6
Shields        | 3 |  3.5
Fighting       | 3 |  3.1
Armour         | 3 |  3.2
Dodging        | |  0.8
Stealth        | |  0.5

Action                   |  1- 3 |  4- 6 || total
-------------------------+-------+-------++-------
Melee: War axe           |    77 |   105 ||   182
       Bite              |    15 |    29 ||    44
  Use: Scroll            |     1 |     5 ||     6
  Eat: Chunk             |       |     2 ||     2
Armor: Scale mail        |    35 |    87 ||   122
Dodge: Dodged            |    23 |    34 ||    57
Block: Shield            |    46 |    74 ||   120
